 Dungeon Crawl Stone Soup version 0.25.0-15-gac7dcb8919 (webtiles) character file.

Game seed: 7105661887429112291

2885 Medar the Cleaver (level 10, -6/73 HPs)
             Began as a Human Berserker on June 28, 2020.
             Was an Elder of Trog.
             Killed from afar by an acid dragon (7 damage)
             ... with a splash of acid
             ... on level 8 of the Dungeon.
             The game lasted 00:14:14 (7375 turns).

Medar the Cleaver (Human Berserker)                 Turns: 7375, Time: 00:14:15

Health: -6/73      AC:  9    Str: 22    XL:     10   Next: 5%
Magic:  19/19      EV:  7    Int:  7    God:    Trog [****..]
Gold:   255        SH:  0    Dex: 12    Spells: 9/9 levels left

rFire    . . .     SeeInvis .   l - +0 battleaxe
rCold    + + .     Gourm    .   (shield currently unavailable)
rNeg     . . .     Faith    .   r - +0 plate armour
rPois    +         Spirit   .   (no helmet)
rElec    .         Reflect  .   (no cloak)
rCorr    .         Harm     .   L - +0 pair of gloves (curse)
MR       .....                  (no boots)
Stlth    ..........             u - amulet of the acrobat
HPRegen  0.22/turn              m - ring of protection from cold
MPRegen  0.16/turn              f - ring of magical power

@: corroded, berserk cooldown, slowed, very slow
A: fangs 1, cold resistance 1, poison resistance
a: Berserk, Trog's Hand, Brothers in Arms, Renounce Religion


You were on level 8 of the Dungeon.
You worshipped Trog.
Trog was greatly pleased with you.
You were near starving.

You visited 2 branches of the dungeon, and saw 9 of its levels.

You collected 543 gold pieces.
You spent 288 gold pieces at shops.

Inventory:

Hand Weapons
 a - a +0 hand axe of electrocution
 b - a +0 war axe
 d - a +2 whip of venom
 j - a +0 flail
 l - a +0 battleaxe (weapon)
Missiles
 x - 8 javelins (quivered)
 F - 5 boomerangs
Armour
 p - a +0 leather armour
 r - a +0 plate armour (worn)
 C - a +0 animal skin
 L - a cursed +0 pair of gloves (worn)
Jewellery
 f - a ring of magical power (right hand)
 m - a ring of protection from cold (left hand)
 u - an amulet of the acrobat (around neck)
 E - an uncursed ring of flight
Wands
 v - a wand of random effects (16)
 y - a wand of flame (20)
Scrolls
 e - 2 scrolls of fog {unknown}
 g - 7 scrolls of remove curse {@r1}
 o - a scroll of random uselessness {unknown}
 q - 2 scrolls of teleportation {unknown}
 s - a scroll of amnesia {unknown}
 G - a scroll of immolation {unknown}
Potions
 h - 2 potions of mutation {!q}
 i - 4 potions of haste
 k - 4 potions of curing {@q1}
 n - a potion of lignification
 t - a potion of brilliance
 w - a potion of magic
 A - a potion of invisibility {unknown}
 B - 3 potions of might {unknown}
 D - 2 potions of degeneration {unknown}
 H - a potion of resistance
 I - a potion of ambrosia
 J - 2 potions of flight
Comestibles
 c - 14 rations
 K - 3 chunks of flesh


   Skills:
 + Level 4.7 Fighting
 + Level 12.2 Axes
 + Level 4.0 Armour
 - Level 2.0 Dodging


You had 9 spell levels left.
You didn't know any spells.
Your spell library was empty.

Dungeon Overview and Level Annotations

Branches:
Dungeon (8/15)             Temple (1/1) D:7
   Lair: D:8-11

Altars:
Ashenzari
Cheibriados
Dithmenos
Elyvilon
Fedhas
Gozag
Hepliaklqana
Kikubaaqudgha
Makhleb
Nemelex Xobeh
Okawaru
Qazlal
Ru
Sif Muna
Trog
Uskayaw
Vehumet
Wu Jian
Xom
Yredelemnul
Zin
The Shining One

Shops:
D:7 !


Innate Abilities, Weirdness & Mutations

You have very sharp teeth.
Your flesh is cold resistant. (rC+)
Your system is resistant to poisons. (rPois)


Message History

Okay, then.
Okay, then.
Unknown command.
Evoke which item? (* to show all) (? for menu, Esc to quit)
Okay, then.
You fail to use your ability.
The rakshasa hits you from afar with a cursed -2 trident!
The acid dragon bites you!
* * * LOW HITPOINT WARNING * * *
The acid dragon claws you but does no damage.
Your two-headed ogre goes berserk!
You are near starving!
The rakshasa hits you but does no damage.
The acid dragon barely misses you.
The acid dragon claws you but does no damage.
The rakshasa hits you from afar with a cursed -2 trident!
* * * LOW HITPOINT WARNING * * *
The acid dragon spits acid at you. The splash of acid hits you!
You die...

#.#..###......#.#............
#.#....###...................
#.#......###............#....
#.#........###...##..........
#.#..........###..##.........
#.#........##..##.....#....<.
#.#......###'#..###.....#....
#....#####O###.8###...#....
#..### #.#@# #...8###......
#### #D## #8....8###...#
#R#†# #..≈....8###.. ## W#
#8.._≈... +.. .# #..≈....8
#.. ## #8....8## ....
#...8###(..... .....##. ....#
..


You could see a rakshasa, an acid dragon (catching breath) and a friendly
two-headed ogre (summoned, berserk).

Vanquished Creatures
  Grinder (D:4)
  A water moccasin (D:8)
  2 phantoms
  An orc warrior (D:7)
  2 ice beasts
  An ogre (D:7)
  3 centaurs
  A bullfrog (D:6)
  2 wyvern skeletons (D:6)
  3 scorpions
  A wight (D:6)
  2 crimson imps
  6 hounds
  2 jellies
  10 orc wizards
  A gnoll shaman (D:7)
  7 orc priests
  Ijyb (D:4)
  A bullfrog skeleton (D:5)
  Natasha (thrice) (D:2)
  3 iguanas
  4 worker ants
  A hound skeleton (D:6)
  2 worker ant zombies
  3 howler monkey skeletons
  6 adders
  11 gnolls
  2 shadow imps
  An adder skeleton (D:5)
  2 worms
  A dart slug (D:2)
  4 leopard geckos
  24 orcs
  3 ball pythons
  A giant cockroach (D:3)
  10 goblins
  6 hobgoblins
  4 jackals
  4 quokkas
  8 bats
  6 frilled lizards
  9 kobolds
  5 rats
171 creatures vanquished.

Notes
Turn   | Place    | Note
-------+----------+-------------------------------------------
     0 | D:1      | Medar the Human Berserker began the quest for the Orb.
     0 | D:1      | Reached XP level 1. HP: 18/18 MP: 1/1
     1 | D:1      | Noticed an electric eel
   183 | D:1      | Reached XP level 2. HP: 24/24 MP: 2/2
   634 | D:2      | Noticed Natasha
   637 | D:2      | Reached skill level 4 in Axes
   637 | D:2      | Reached XP level 3. HP: 25/29 MP: 3/3
   642 | D:2      | Killed Natasha
   690 | D:2      | Reached XP level 4. HP: 33/35 MP: 4/4
   858 | D:2      | Found an opulent altar of Gozag.
   946 | D:2      | Noticed Natasha
   947 | D:2      | Reached ** piety under Trog
  1067 | D:2      | Killed Natasha
  1067 | D:2      | Reached skill level 5 in Axes
  1121 | D:2      | Noticed Natasha
  1135 | D:2      | Killed Natasha
  1135 | D:2      | Reached XP level 5. HP: 22/41 MP: 5/5
  1334 | D:2      | Found a burning altar of Makhleb.
  1436 | D:2      | Found an ancient bone altar of Kikubaaqudgha.
  1679 | D:3      | Reached skill level 6 in Axes
  1683 | D:3      | Reached XP level 6. HP: 47/47 MP: 6/6
  2853 | D:4      | Noticed Grinder
  2866 | D:4      | Killed Grinder
  2866 | D:4      | Reached skill level 7 in Axes
  2866 | D:4      | Reached XP level 7. HP: 52/52 MP: 7/7
  3001 | D:4      | Noticed Ijyb
  3010 | D:4      | Killed Ijyb
  3010 | D:4      | Reached skill level 8 in Axes
  3123 | D:4      | Found a shattered altar of Ashenzari.
  3378 | D:4      | Reached *** piety under Trog
  3416 | D:4      | Found a radiant altar of Vehumet.
  3702 | D:4      | Reached XP level 8. HP: 58/58 MP: 8/8
  3747 | D:5      | Entered Level 5 of the Dungeon
  3844 | D:5      | Reached skill level 9 in Axes
  4390 | D:5      | Reached skill level 10 in Axes
  5188 | D:6      | Reached XP level 9. HP: 63/63 MP: 9/9
  5189 | D:6      | Reached **** piety under Trog
  5305 | D:6      | Reached skill level 11 in Axes
  6208 | D:7      | Found an ornate altar of the Wu Jian Council.
  6373 | D:7      | Found a staircase to the Ecumenical Temple.
  6378 | Temple   | Entered the Ecumenical Temple
  6656 | D:7      | Found Zalocs's Distillery.
  6665 | D:7      | Reached skill level 12 in Axes
  6694 | D:7      | Bought a potion of resistance for 120 gold pieces
  6694 | D:7      | Bought a potion of curing for 36 gold pieces
  6694 | D:7      | Bought a potion of ambrosia for 96 gold pieces
  6694 | D:7      | Bought a potion of flight for 36 gold pieces
  6695 | D:7      | Gained mutation: You have very sharp teeth. [potion of
                  | mutation]
  6695 | D:7      | Gained mutation: Your flesh is cold resistant. (rC+)
                  | [potion of mutation]
  6695 | D:7      | Gained mutation: Your system is resistant to poisons.
                  | (rPois) [potion of mutation]
  7110 | D:7      | Found an iron altar of Okawaru.
  7323 | D:8      | Reached XP level 10. HP: 70/73 MP: 10/10
  7343 | D:8      | Found a burning altar of Makhleb.
  7354 | D:8      | Noticed a rakshasa
  7375 | D:8      | HP: 1/73 [rakshasa/cursed -2 trident (12)]
  7375 | D:8      | Killed from afar by an acid dragon

Illustrated notes

Levels and vault maps discovered:
D:1:      arrival_aquarium_a, layout_rooms, minmay_tiny_reverse_x
D:2:      layout_rooms, lemuel_round_altar, lemuel_round_altar, bloody_makhleb,
          uniq_natasha
D:3:      layout_basic, first_ration
D:4:      layout_basic, nicolae_overflow_crystal_walls, vehumet_altar_wand_db,
          uniq_ijyb, uniq_grinder
D:5:      layout_basic, serial_corexii_hall, corexii_hall_statues_l,
          corexii_hall_statues_t, corexii_hall_statues_u
D:6:      layout_basic, amethyst_killhole, minmay_fractal_squares_diagonal_5
D:7:      layout_basic, nicolae_overflow_hidden_temple,
          minmay_temple_entry_butterflies, serial_shops, shop
D:8:      minmay_the_grid_triangle_9x9_recursive_2
          [minmay_the_grid_triangle_9x9_prize_special,
          minmay_the_grid_triangle_9x9_minimal,
          minmay_the_grid_triangle_9x9_empty,
          minmay_the_grid_triangle_9x9_shrine], layout_cave_pools, serial_glass,
          glass_columns_b, glass_columns_c, minmay_strange_pillars,
          minmay_strange_pillars, serial_shops, nicolae_shop_waterfront,
          nicolae_dithmenos_shadow_blocks
Temple:   eino_temple_scatter_basement

Skill      XL: |  1  2  3  4  5  6  7  8  9 10 |
---------------+-------------------------------+-----
Axes           | 4 5 6 7 8 10 12 | 12.2
Armour         | 3 4 |  4.0
Fighting       | 4 |  4.7
Dodging        | |  2.0

Action                   |  1- 3 |  4- 6 |  7- 9 | 10-12 || total
-------------------------+-------+-------+-------+-------++-------
Melee: Hand axe          |    25 |       |   220 |    12 ||   257
       Whip              |    24 |   149 |   115 |       ||   288
       Bite              |       |       |     5 |     1 ||     6
       Battleaxe         |       |       |       |     4 ||     4
Invok: Berserk           |     2 |     7 |    18 |     1 ||    28
       Trog's Hand       |       |     2 |     1 |       ||     3
       Brothers in Arms  |       |       |       |     2 ||     2
  Use: Potion            |     1 |       |     1 |     1 ||     3
       Scroll            |       |       |     6 |       ||     6
  Eat: Chunk             |     1 |    12 |    30 |       ||    43
       Ration            |       |       |     1 |       ||     1
Armor: Animal skin       |    13 |    10 |       |       ||    23
       Plate armour      |       |    55 |   165 |    17 ||   237
Dodge: Dodged            |    37 |    55 |    82 |     6 ||   180
